[Event "Friday 27 April Rapid Engine Tour 12+1 Rounds 9 Starts 1600ST"]
[Site "Infinity Chess"]
[Date "2018.4.27"]
[Round "3"]
[White "KQRBNP"]
[Black "Marsell"]
[Result "1/2-1/2"]
[ECO "D02"]
[WhiteElo "2323"]
[BlackElo "2464"]
[WhiteEngine "Eman 1.70-beta27 64-bit POPCNT"]
[BlackEngine "BrainFish_180418_x64_bmi2"]
[EventType "Swiss"]
[WhiteTeam ""]
[BlackTeam ""]
[PlyCount "71"]
[TimeControl "720+1"]

1. d4 d5 2. Nf3 Nf6 3. c4 c6 4. e3 e6 5. Bd3 Nbd7 6. b3 Bd6 7. Bb2 O-O 
8. Qc2 Qc7 9. O-O b6 10. Nbd2 Bb7 11. Rfe1 h6 12. Rad1 Rfe8 13. e4 dxe4 
14. Nxe4 Nxe4 15. Bxe4 Nf6 16. c5 Nxe4 17. Rxe4 Bf8 18. Rg4 bxc5 19. dxc5 e5 
20. Re1 f6 21. Qg6 Qf7 22. Qxh6 Bc8 23. Rg3 Bxc5 24. Qc1 Bb6 25. Nd2 Bf5 
26. Nc4 Red8 27. Nxb6 axb6 28. f4 exf4 29. Qxf4 Rxa2 30. Qxf5 Rxb2 31. Rh3 Rbd2 
32. Qh7+ Kf8 33. Qe4 Kg8 34. Qh7+ Kf8 35. Qe4 Kg8 36. Qh7+ 1/2-1/2

[Event "Friday 27 April Rapid Engine Tour 12+1 Rounds 9 Starts 1600ST"]
[Site "Infinity Chess"]
[Date "2018.4.27"]
[Round "3"]
[White "hafaba"]
[Black "coreoptimist"]
[Result "1/2-1/2"]
[ECO "C77"]
[WhiteElo "2403"]
[BlackElo "2354"]
[WhiteEngine "Eman 1.70-beta21 64-bit POPCNT_CTG"]
[BlackEngine "asmFishW_2018-04-25_bmi2_CTG"]
[EventType "Swiss"]
[WhiteTeam ""]
[BlackTeam ""]
[PlyCount "133"]
[TimeControl "720+1"]

1. e4 e5 2. Nf3 Nc6 3. Bb5 a6 4. Ba4 Nf6 5. O-O Be7 6. Re1 b5 7. Bb3 O-O 
8. c3 d5 9. exd5 Nxd5 10. Nxe5 Nxe5 11. Rxe5 c6 12. d4 Bd6 13. Re1 Qh4 
14. g3 Qh3 15. Be3 Be6 16. Qf3 a5 17. Qg2 Qxg2+ 18. Kxg2 Rfe8 19. Bc2 b4 
20. Be4 Rac8 21. Kg1 Be7 22. a3 c5 23. axb4 axb4 24. Bxd5 Bxd5 25. Ra5 bxc3 
26. Nxc3 Bf3 27. Nb5 cxd4 28. Nxd4 Be4 29. Bd2 Bc5 30. Bc3 f6 31. Nb3 Bd6 
32. Nd4 Bc5 33. h3 Bb6 34. Ra6 Bxd4 35. Bxd4 Bf3 36. Rxe8+ Rxe8 37. g4 Rd8 
38. Be3 h5 39. gxh5 Bxh5 40. b4 Rd1+ 41. Kh2 Rb1 42. Bc5 Bf7 43. Kg3 Bc4 
44. Ra7 Rb3+ 45. Kg4 Be6+ 46. Kf4 Rxh3 47. Ke4 Rb3 48. Ra5 Rc3 49. Bd4 Rb3 
50. Rb5 Bc4 51. Rb8+ Kf7 52. Bc5 Rd3 53. Rb7+ Kg6 54. Rc7 Rd1 55. Bf8 Bf7 
56. Ke3 Rd8 57. Bc5 Bc4 58. Bb6 Rd6 59. Rxc4 Rxb6 60. Re4 f5 61. Rc4 Kf6 
62. Kd4 Ke6 63. f3 g5 64. Kc5 Rb7 65. b5 Rc7+ 66. Kd4 Rxc4+ 67. Kxc4 1/2-1/2

[Event "Friday 27 April Rapid Engine Tour 12+1 Rounds 9 Starts 1600ST"]
[Site "Infinity Chess"]
[Date "2018.4.27"]
[Round "3"]
[White "angriff"]
[Black "Cepri"]
[Result "1/2-1/2"]
[ECO "C55"]
[WhiteElo "2411"]
[BlackElo "2404"]
[WhiteEngine "DracoREX 3.07 64BIT POPCNT_CTG"]
[BlackEngine "asmfishw_25A18b_CTG"]
[EventType "Swiss"]
[WhiteTeam ""]
[BlackTeam ""]
[PlyCount "59"]
[TimeControl "720+1"]

1. e4 e5 2. Nf3 Nc6 3. Bc4 Nf6 4. d3 Bc5 5. c3 d6 6. O-O O-O 7. Nbd2 a5 
8. Re1 h6 9. h3 Be6 10. a4 Bb6 11. Bxe6 fxe6 12. Nc4 Bc5 13. Be3 Bxe3 
14. Rxe3 Nd7 15. Na3 Qe7 16. Nb5 Nf6 17. Qe2 Rad8 18. Rd1 d5 19. Nd2 Qf7 
20. exd5 Nxd5 21. Rf3 Nf4 22. Qf1 Rd7 23. Kh2 Qh5 24. Ne4 Ne7 25. Rg3 Nf5 
26. Rg4 Nd5 27. Qe1 Nf4 28. Qf1 Nd5 29. Qe2 Nf4 30. Qf1 1/2-1/2

[Event "Friday 27 April Rapid Engine Tour 12+1 Rounds 9 Starts 1600ST"]
[Site "Infinity Chess"]
[Date "2018.4.27"]
[Round "3"]
[White "Eman"]
[Black "KhalidOmar"]
[Result "1/2-1/2"]
[ECO "E15"]
[WhiteElo "2444"]
[BlackElo "2419"]
[WhiteEngine "Eman 1.70-beta27 64-bit BMI2"]
[BlackEngine "Eman 1.70-beta27 64-bit BMI2"]
[EventType "Swiss"]
[WhiteTeam ""]
[BlackTeam ""]
[PlyCount "101"]
[TimeControl "720+1"]

1. d4 Nf6 2. c4 e6 3. Nf3 b6 4. g3 Ba6 5. b3 Bb4+ 6. Bd2 Be7 7. Bg2 d5 
8. cxd5 exd5 9. Nc3 O-O 10. O-O Re8 11. Ne5 Bb7 12. Bf4 Nbd7 13. Nb5 Nxe5 
14. dxe5 Nh5 15. Bc1 g6 16. Bb2 c6 17. Nd4 Qd7 18. e4 dxe4 19. Bxe4 c5 
20. Bxb7 Qxb7 21. Nf5 Rad8 22. Qg4 Qd7 23. Nh6+ Kf8 24. Rad1 Qxg4 25. Nxg4 Ng7 
26. Ne3 Ne6 27. Rxd8 Rxd8 28. Rd1 Rxd1+ 29. Nxd1 Kg7 30. f4 f5 31. exf6+ Bxf6 
32. Bxf6+ Kxf6 33. Kf2 g5 34. Kf3 gxf4 35. gxf4 Nd4+ 36. Ke4 Nb5 37. Kd5 Nd4 
38. b4 Ne6 39. bxc5 Nxc5 40. Ne3 Nd3 41. Ke4 Nc5+ 42. Kd5 h5 43. Kc6 Ne4 
44. Kb7 Nc3 45. a3 Ke6 46. Kxa7 Nb5+ 47. Ka6 Nxa3 48. h3 b5 49. Ka5 Nc4+ 
50. Nxc4 bxc4 51. Kb4 1/2-1/2

[Event "Friday 27 April Rapid Engine Tour 12+1 Rounds 9 Starts 1600ST"]
[Site "Infinity Chess"]
[Date "2018.4.27"]
[Round "3"]
[White "ocirema"]
[Black "Thinker"]
[Result "1/2-1/2"]
[ECO "D30"]
[WhiteElo "2447"]
[BlackElo "2464"]
[WhiteEngine "asmFishW_2018-04-24_popcnt"]
[BlackEngine "BrainFish_180418_x64_modern_CTG"]
[EventType "Swiss"]
[WhiteTeam ""]
[BlackTeam ""]
[PlyCount "108"]
[TimeControl "720+1"]

1. d4 d5 2. c4 e6 3. Nf3 Nf6 4. g3 dxc4 5. Bg2 c6 6. Ne5 c5 7. Qa4+ Nbd7 
8. Be3 Nd5 9. Bxd5 exd5 10. Nc3 Bd6 11. Nxd5 Bxe5 12. dxe5 O-O 13. Qxc4 Nb6 
14. Nxb6 axb6 15. Rd1 Qe8 16. Rd6 Be6 17. Qc3 Rxa2 18. Rxb6 Ra1+ 19. Bc1 Qa4 
20. O-O Rd8 21. Rd6 Rxd6 22. exd6 Qe4 23. Qd2 Bd7 24. f3 Qe6 25. Kf2 h6 
26. Rd1 b6 27. Qd3 Ra4 28. Qd5 Qxd5 29. Rxd5 f6 30. Rd3 Kf7 31. g4 Ke6 
32. b3 Rd4 33. Rxd4 cxd4 34. Ba3 Kd5 35. h4 f5 36. gxf5 Bxf5 37. h5 b5 
38. Bb2 b4 39. Kg3 Be6 40. Kg2 Kc5 41. Kf2 Bc8 42. Kg2 Be6 43. Kf2 Bc8 
44. Kg3 Be6 45. Ba1 Kd5 46. Kf2 Kc5 47. e3 dxe3+ 48. Kxe3 Kc6 49. Bxg7 Bxb3 
50. Bxh6 Bf7 51. f4 Bxh5 52. Bg7 b3 53. Be5 Bg6 54. f5 Bxf5 1/2-1/2

[Event "Friday 27 April Rapid Engine Tour 12+1 Rounds 9 Starts 1600ST"]
[Site "Infinity Chess"]
[Date "2018.4.27"]
[Round "3"]
[White "Katzenmaier"]
[Black "xeonrocks"]
[Result "1/2-1/2"]
[ECO "C50"]
[WhiteElo "2476"]
[BlackElo "2540"]
[WhiteEngine "Raubfisch X38b1"]
[BlackEngine "Stockfish_x64_bmi2_CTG"]
[EventType "Swiss"]
[WhiteTeam ""]
[BlackTeam ""]
[PlyCount "171"]
[TimeControl "720+1"]

1. e4 e5 2. Nf3 Nc6 3. Bc4 Bc5 4. O-O Nf6 5. d3 a5 6. c3 d6 7. h3 Ba7 
8. Nbd2 O-O 9. Re1 Be6 10. Bb5 Ne7 11. d4 Ng6 12. Ba4 Nh5 13. Nf1 Nhf4 
14. Bc2 Qd7 15. Ne3 exd4 16. Nxd4 Bxd4 17. cxd4 d5 18. Nxd5 Nxd5 19. exd5 Bxd5 
20. Be3 a4 21. a3 Rfe8 22. Rc1 c6 23. Qg4 Be6 24. Qh5 Ba2 25. Ra1 Qd5 
26. Qxd5 Bxd5 27. f3 Nf8 28. Kf2 h5 29. Rad1 f6 30. h4 Kf7 31. Rg1 Re7 
32. Rde1 Ng6 33. g3 Rd7 34. Bf5 Be6 35. Bc2 Rd5 36. Bd3 Rad8 37. Re2 R5d7 
38. Bc2 Ra8 39. Bd3 Rad8 40. Bc2 b5 41. Be4 Bc4 42. Ree1 Rd6 43. Bb1 Rh8 
44. Rh1 Ne7 45. g4 g6 46. Kg3 Rdd8 47. Rd1 Nd5 48. Bd2 Nc7 49. Ba5 Rd7 
50. Be4 Nd5 51. Rde1 Rg8 52. g5 Rd6 53. Bd2 fxg5 54. hxg5 Re6 55. Ba5 Ra8 
56. Bd2 Ne7 57. Bc3 Kg8 58. Bb4 Nd5 59. Bc5 Rae8 60. Rh3 Bd3 61. Rh4 Ne7 
62. Kf2 Nd5 63. Kg3 Ne7 64. Kf2 Nf5 65. Rf4 Bc4 66. Bb4 Kf7 67. Bc3 Kg8 
68. Rg1 Bd5 69. Bxf5 gxf5 70. Rxf5 h4 71. Re1 Rxe1 72. Bxe1 h3 73. Re5 Rf8 
74. Re3 Kg7 75. Kg3 Kg6 76. Kxh3 Bxf3 77. Bb4 Rh8+ 78. Kg3 Bd5 79. Be7 Rh1 
80. Bf6 Rg1+ 81. Kf4 Rg2 82. Re7 Rf2+ 83. Kg4 Rg2+ 84. Kf4 Rf2+ 85. Kg4 Rg2+ 
86. Kf4 1/2-1/2

[Event "Friday 27 April Rapid Engine Tour 12+1 Rounds 9 Starts 1600ST"]
[Site "Infinity Chess"]
[Date "2018.4.27"]
[Round "3"]
[White "Victorious"]
[Black "Pirate"]
[Result "1/2-1/2"]
[ECO "B32"]
[WhiteElo "2516"]
[BlackElo "2547"]
[WhiteEngine "asmFishW_2018-04-24_popcnt"]
[BlackEngine "asmFishW_IX_bmi2_CTG"]
[EventType "Swiss"]
[WhiteTeam ""]
[BlackTeam ""]
[PlyCount "115"]
[TimeControl "720+1"]

1. e4 c5 2. Nf3 Nc6 3. d4 cxd4 4. Nxd4 e5 5. Nb5 d6 6. N1c3 a6 7. Na3 b5 
8. Nd5 Nf6 9. Bg5 Be7 10. Bxf6 Bxf6 11. c3 Rb8 12. Nc2 Bg5 13. a3 O-O 14. h4 Bh6 
15. g4 f6 16. Ncb4 Bb7 17. Nxc6 Bxc6 18. Qd3 Bd7 19. Be2 a5 20. Rd1 Be6 
21. b4 Kh8 22. Kf1 axb4 23. axb4 Rf7 24. Ra1 Qc8 25. Qd1 Qc6 26. Kg2 g6 
27. h5 gxh5 28. Rxh5 Bg5 29. Ra2 Rg7 30. Kf1 Qc8 31. Rh1 Rf7 32. Ra5 Rg7 
33. Ra3 Rd7 34. Rh2 Rf7 35. Rh3 Rd7 36. Ra5 Rf7 37. Rh1 Rg7 38. Rh2 Kg8 
39. Rh3 Kh8 40. Rh1 Rf7 41. Rh3 Rg7 42. Rg3 Bf4 43. Nxf4 exf4 44. Rh3 d5 
45. exd5 Bxg4 46. Bxg4 Rxg4 47. Qd3 Qd7 48. Ra1 Rg5 49. Rd1 Rd8 50. Rh4 Qg7 
51. Rh1 Rdxd5 52. Qxd5 Rxd5 53. Rxd5 Qg8 54. Rd7 Qc4+ 55. Kg1 Qg8+ 56. Kf1 Qc4+ 
57. Kg1 Qg8+ 58. Kf1 1/2-1/2

[Event "Friday 27 April Rapid Engine Tour 12+1 Rounds 9 Starts 1600ST"]
[Site "Infinity Chess"]
[Date "2018.4.27"]
[Round "2"]
[White "coreoptimist"]
[Black "KQRBNP"]
[Result "1/2-1/2 "]
[ECO "C50"]
[WhiteElo "2355"]
[BlackElo "2322"]
[WhiteEngine "asmFishW_2018-04-25_bmi2_CTG"]
[BlackEngine "Eman 1.70-beta27 64-bit POPCNT"]
[EventType "Swiss"]
[WhiteTeam ""]
[BlackTeam ""]
[PlyCount "156"]
[TimeControl "720+1"]

1. e4 e5 2. Nf3 Nc6 3. Bc4 Bc5 4. O-O Nf6 5. d3 d6 6. c3 a5 7. Re1 O-O 8. h3 Ba7 
9. Nbd2 Be6 10. Bb5 Ne7 11. d4 Ng6 12. Ba4 Nh5 13. Nf1 exd4 14. Nxd4 Nhf4 
15. Ng3 Bxd4 16. cxd4 d5 17. Qf3 Qf6 18. Bd1 Rad8 19. Bd2 a4 20. e5 Qh4 
21. Bb4 f6 22. Bxf8 Rxf8 23. Nh5 fxe5 24. Nxf4 Rxf4 25. g3 Rxf3 26. gxh4 Rxh3 
27. h5 Nf4 28. Rxe5 Rh4 29. b3 a3 30. b4 Kf7 31. Re3 Kf6 32. Rxa3 Nh3+ 
33. Kg2 Nf4+ 34. Kg1 Nh3+ 35. Kf1 Nf4 36. Ke1 Ng2+ 37. Ke2 Rxd4 38. b5 Bg4+ 
39. Kf1 Bxd1 40. Kxg2 Bxh5 41. Rc1 Rc4 42. Rxc4 dxc4 43. Ra8 Bf7 44. Kf1 c3 
45. Ke1 h5 46. Rc8 Bxa2 47. Rxc7 Bd5 48. Rxc3 g5 49. Rc8 g4 50. Rf8+ Kg5 
51. f4+ gxf3 52. Kf2 h4 53. b6 Kg4 54. Rd8 Be4 55. Ke3 Bc6 56. Rg8+ Kf5 
57. Rf8+ Ke5 58. Kf2 h3 59. Kg3 h2 60. Kxh2 f2 61. Rxf2 Kd4 62. Rc2 Ba4 
63. Rc1 Bb3 64. Kg3 Ba4 65. Ra1 Bb3 66. Ra5 Ke4 67. Kf2 Bc4 68. Ra7 Bd5 
69. Ra8 Bb3 70. Rd8 Bd5 71. Rd7 Kd4 72. Rc7 Bb3 73. Ke2 Bc4+ 74. Ke1 Bb5 
75. Kd2 Ba6 76. Kc2 Kd5 77. Kd2 Bf1 78. Kc2 Ba6 1/2-1/2

[Event "Friday 27 April Rapid Engine Tour 12+1 Rounds 9 Starts 1600ST"]
[Site "Infinity Chess"]
[Date "2018.4.27"]
[Round "2"]
[White "Cepri"]
[Black "hafaba"]
[Result "1/2-1/2"]
[ECO "B90"]
[WhiteElo "2404"]
[BlackElo "2403"]
[WhiteEngine "asmfishw_25A18b_CTG"]
[BlackEngine "Eman 1.70-beta21 64-bit POPCNT_CTG"]
[EventType "Swiss"]
[WhiteTeam ""]
[BlackTeam ""]
[PlyCount "119"]
[TimeControl "720+1"]

1. e4 c5 2. Nf3 d6 3. d4 cxd4 4. Nxd4 Nf6 5. Nc3 a6 6. Be3 e5 7. Nb3 Be6 
8. Be2 Be7 9. Qd3 Nc6 10. a3 O-O 11. Nd5 Bxd5 12. exd5 e4 13. Qd2 Ne5 
14. O-O Rc8 15. Rac1 Re8 16. c4 Nfd7 17. Rc2 h6 18. Na5 b6 19. Nb3 Bg5 
20. Nd4 Qf6 21. b4 Qg6 22. h3 Bf6 23. Kh2 Bg5 24. Rc3 f5 25. Kg1 Qf6 
26. Bxg5 hxg5 27. Ne6 a5 28. Rg3 Nf8 29. Nxg5 axb4 30. axb4 Nxc4 31. Qa2 Ne5 
32. Qd2 Re7 33. f4 Nf7 34. Ne6 Nxe6 35. dxe6 Nd8 36. Bh5 Nxe6 37. Rg6 Qh4 
38. Qd5 Qxh5 39. Rxe6 Qf7 40. Rxd6 Qxd5 41. Rxd5 Rc4 42. b5 Rf7 43. Rf2 Rf6 
44. Rfd2 Rc3 45. Kf1 Kh7 46. Re5 Rb3 47. Ke2 Rg6 48. Kf2 Rf6 49. Rc2 Kg8 
50. Rd5 Kh7 51. Rc6 Kg6 52. Rc2 Re6 53. Ke2 Rf6 54. Re5 Kf7 55. g4 fxg4 
56. Rc7+ Kg8 57. Rc8+ Kf7 58. Rc7+ Kg8 59. Rc8+ Kf7 60. Rc7+ 1/2-1/2

[Event "Friday 27 April Rapid Engine Tour 12+1 Rounds 9 Starts 1600ST"]
[Site "Infinity Chess"]
[Date "2018.4.27"]
[Round "2"]
[White "KhalidOmar"]
[Black "angriff"]
[Result "1/2-1/2"]
[ECO "E10"]
[WhiteElo "2419"]
[BlackElo "2411"]
[WhiteEngine "Eman 1.70-beta27 64-bit BMI2"]
[BlackEngine "DracoREX 3.07 64BIT POPCNT_CTG"]
[EventType "Swiss"]
[WhiteTeam ""]
[BlackTeam ""]
[PlyCount "102"]
[TimeControl "720+1"]

1. d4 Nf6 2. c4 e6 3. Nf3 d5 4. Nc3 c6 5. Bg5 h6 6. Bxf6 Qxf6 7. e3 Nd7 
8. Bd3 dxc4 9. Bxc4 g6 10. O-O Bg7 11. e4 Qe7 12. e5 O-O 13. Re1 b5 14. Bd3 Bb7 
15. Be4 Nb6 16. Rc1 Rac8 17. Nb1 a5 18. Nbd2 a4 19. Qe2 Rfd8 20. h4 h5 
21. Rc2 Bh6 22. a3 Rc7 23. g3 b4 24. Rb1 Ra8 25. Ra1 bxa3 26. bxa3 Ba6 
27. Qd1 Qd8 28. Rb1 Rb8 29. Rbc1 Rbc8 30. Rxc6 Rxc6 31. Rxc6 Rxc6 32. Bxc6 Qc7 
33. Be4 Qc3 34. Qc2 Qxa3 35. Bxg6 Bxd2 36. Nxd2 Qa1+ 37. Kh2 Bb7 38. Bxf7+ Kxf7 
39. Qh7+ Ke8 40. Qxb7 Qxd4 41. Ne4 Nd7 42. Kh3 Qd5 43. Qb4 a3 44. Kh2 Kd8 
45. Nf6 Qxe5 46. Nxd7 Qb2 47. Qd6 Qxf2+ 48. Kh3 Qf1+ 49. Kh2 Qf2+ 50. Kh3 Qf1+ 
51. Kh2 Qf2+ 1/2-1/2

[Event "Friday 27 April Rapid Engine Tour 12+1 Rounds 9 Starts 1600ST"]
[Site "Infinity Chess"]
[Date "2018.4.27"]
[Round "2"]
[White "star99"]
[Black "Eman"]
[Result "1/2-1/2"]
[ECO "A46"]
[WhiteElo "2450"]
[BlackElo "2444"]
[WhiteEngine "Cryptic Heroes 9.4B"]
[BlackEngine "Eman 1.70-beta27 64-bit BMI2"]
[EventType "Swiss"]
[WhiteTeam ""]
[BlackTeam ""]
[PlyCount "142"]
[TimeControl "720+1"]

1. d4 Nf6 2. Nf3 e6 3. Bf4 b6 4. e3 Be7 5. Be2 Bb7 6. c4 O-O 7. Nc3 Nh5 
8. O-O d6 9. Re1 Nd7 10. Qd3 Nxf4 11. exf4 g6 12. g3 Re8 13. Bf1 Bf8 14. Bg2 c6 
15. Rac1 Rc8 16. b4 a5 17. b5 cxb5 18. Nxb5 d5 19. cxd5 Bxd5 20. a4 Bb4 
21. Red1 Nf6 22. Ne5 Bxg2 23. Kxg2 Nd5 24. Kg1 f6 25. Rxc8 Qxc8 26. Nc4 Qd7 
27. Rc1 Rc8 28. Qe4 Kg7 29. Qd3 Qe7 30. Kg2 Qd7 31. Kg1 h5 32. h4 Qb7 
33. Qe2 Qf7 34. Kg2 Qd7 35. Kh2 Qe7 36. Kg2 Qd7 37. Rc2 Qc6 38. Qf3 Kh6 
39. Kg1 Qd7 40. Qe2 Kg7 41. Qd3 Kh6 42. Ne3 Rxc2 43. Qxc2 Nxe3 44. fxe3 e5 
45. fxe5 fxe5 46. Qf2 exd4 47. exd4 Kg7 48. Qf3 Qe7 49. Kg2 Qd7 50. Qe4 Qf7 
51. Qe5+ Kh7 52. Qc7 Kg7 53. Qxf7+ Kxf7 54. Kf3 Ke7 55. d5 Kf6 56. Kf4 Ke7 
57. Ke5 Bd2 58. d6+ Kd7 59. Kf6 Bb4 60. Kxg6 Bxd6 61. Kxh5 Bxg3 62. Na3 Kc6 
63. Kg4 Bd6 64. Nc4 Bf8 65. Ne5+ Kd6 66. Kf5 Bg7 67. Nd3 Kc6 68. h5 b5 
69. axb5+ Kxb5 70. Kg6 Bh8 71. h6 Kc4 1/2-1/2

[Event "Friday 27 April Rapid Engine Tour 12+1 Rounds 9 Starts 1600ST"]
[Site "Infinity Chess"]
[Date "2018.4.27"]
[Round "2"]
[White "HerzsjeMZ"]
[Black "ocirema"]
[Result "1/2-1/2 "]
[ECO "C50"]
[WhiteElo "2443"]
[BlackElo "2447"]
[WhiteEngine "BrainFish_180423_x64_modern"]
[BlackEngine "asmFishW_2018-04-24_popcnt"]
[EventType "Swiss"]
[WhiteTeam ""]
[BlackTeam ""]
[PlyCount "284"]
[TimeControl "720+1"]

1. e4 e5 2. Nf3 Nc6 3. Bc4 Bc5 4. O-O Nf6 5. d3 a5 6. c3 d6 7. h3 Ba7 8. Re1 O-O 
9. a4 h6 10. Na3 Be6 11. Qb3 Qd7 12. Bxe6 fxe6 13. Nb5 Bc5 14. Be3 Bxe3 
15. Rxe3 Qf7 16. Rf1 Nh5 17. Qd1 Rac8 18. g3 Nf6 19. Kg2 Qg6 20. Nh4 Qf7 
21. d4 exd4 22. cxd4 e5 23. f4 exd4 24. Nxd4 Rfe8 25. Rfe1 Nxd4 26. Qxd4 Nd7 
27. Nf3 b6 28. Qd1 Nc5 29. b3 Re7 30. Nd4 Rce8 31. Qc2 Qg6 32. Qc4+ Kh7 
33. Qc2 Kg8 34. R1e2 Rf7 35. Kh2 Rfe7 36. Nf5 Rd7 37. Nd4 Rde7 38. Kg2 Rf7 
39. Kh1 Rd7 40. Kg1 Rf7 41. Kh1 Rd7 42. Re1 Rde7 43. f5 Qf6 44. Nc6 Rf7 
45. Qd1 Kh7 46. g4 Qg5 47. Qe2 g6 48. Qc4 Rff8 49. Qe2 Rf7 50. Nd4 Qf6 
51. fxg6+ Qxg6 52. Nf5 Re5 53. Kh2 Qe6 54. Qg2 Qg6 55. Qc2 Qe6 56. Nd4 Qg6 
57. Nf3 Re6 58. Nh4 Qg5 59. Nf5 Re5 60. R3e2 Qg6 61. Rf1 Qe6 62. Rf3 Qe8 
63. Kg1 Ne6 64. Re1 Ng5 65. Rfe3 Ne6 66. Rf3 Ng5 67. Rfe3 Ne6 68. Rc3 Qg8 
69. Rf1 Qg6 70. Re3 Ng5 71. Kg2 Ne6 72. Ref3 Rd7 73. Re3 Nc5 74. Rff3 Ne6 
75. Nh4 Qg7 76. Qf2 Ng5 77. Rf4 Rf7 78. Nf5 Qg6 79. Qc2 Ne6 80. Rf1 Ng5 
81. Rc3 Ne6 82. Rcf3 Rd7 83. R3f2 d5 84. Ng3 Nd4 85. Qb1 dxe4 86. Rf6 Qg8 
87. Qc1 Qg7 88. R1f4 Ne6 89. Rf2 Nd4 90. Qc4 e3 91. Rf7 exf2 92. Qd3+ Kg8 
93. Rxg7+ Kxg7 94. Nf5+ Rxf5 95. gxf5 Kf6 96. Qd2 Rg7+ 97. Kxf2 Nxf5 98. Kf3 Ke6 
99. Qe2+ Kd7 100. Qb5+ Ke7 101. Qe5+ Kf8 102. Qf6+ Rf7 103. Qd8+ Kg7 
104. Ke4 Kg6 105. Kd5 Ne7+ 106. Ke6 Nf5 107. Ke5 Ng7 108. Kd5 Rf5+ 109. Kc6 Rc5+ 
110. Kb7 Nf5 111. Kc8 Kf7 112. Qd3 Ne7+ 113. Kb8 h5 114. Qd7 Kf6 115. Qd4+ Ke6 
116. Qg7 Kd7 117. Kb7 Ke6 118. Kb8 Kd7 119. Kb7 Kd6 120. Qd4+ Ke6 121. Qe4+ Kd7 
122. Qd3+ Rd5 123. Qc3 Rc5 124. Qd4+ Ke6 125. Qe3+ Kd7 126. Qd3+ Rd5 
127. Qe4 Rc5 128. Qh7 Kd6 129. Qd3+ Ke6 130. Kb8 Nc6+ 131. Kc8 Ne7+ 
132. Kb8 Nc6+ 133. Kb7 Ne7 134. Qe2+ Kd6 135. Qd2+ Ke6 136. Qe3+ Kd7 
137. Qd2+ Rd5 138. Qf4 Rc5 139. Qd2+ Rd5 140. Qh6 Rc5 141. Qh7 Kd6 142. h4 Ke6 
1/2-1/2

[Event "Friday 27 April Rapid Engine Tour 12+1 Rounds 9 Starts 1600ST"]
[Site "Infinity Chess"]
[Date "2018.4.27"]
[Round "2"]
[White "Thinker"]
[Black "Katzenmaier"]
[Result "1/2-1/2"]
[ECO "C50"]
[WhiteElo "2463"]
[BlackElo "2477"]
[WhiteEngine "BrainFish_180418_x64_modern_CTG"]
[BlackEngine "Raubfisch X38b1"]
[EventType "Swiss"]
[WhiteTeam ""]
[BlackTeam ""]
[PlyCount "101"]
[TimeControl "720+1"]

1. e4 e5 2. Nf3 Nc6 3. Bc4 Bc5 4. O-O Nf6 5. d3 d6 6. c3 O-O 7. h3 a6 8. Re1 Ba7 
9. a4 h6 10. Nbd2 Nh5 11. Nf1 Be6 12. Bd5 Qf6 13. d4 Rab8 14. Be3 exd4 
15. Nxd4 Nxd4 16. Qxh5 Nc6 17. e5 dxe5 18. Bxa7 Nxa7 19. Qxe5 Bxd5 20. Qxd5 Nc6 
21. Qe4 Rbd8 22. Rad1 Qg6 23. Qe2 Qf6 24. Ne3 Qe6 25. Qc2 Rfe8 26. b4 Ne5 
27. Rxd8 Rxd8 28. Rd1 Rxd1+ 29. Qxd1 Qd7 30. Qd5 Qxd5 31. Nxd5 c6 32. Ne3 Kf8 
33. Kf1 g6 34. f3 Nd3 35. g3 Ke7 36. Ke2 Ne5 37. f4 Nd7 38. Kd3 c5 39. Nc4 Ke6 
40. Na5 b6 41. Nc4 f6 42. b5 axb5 43. axb5 f5 44. Ke3 Kd5 45. Kd3 Ke6 
46. Nd2 Kd5 47. c4+ Ke6 48. h4 h5 49. Nf1 Kd6 50. Ke3 Nf6 51. Kf3 1/2-1/2

[Event "Friday 27 April Rapid Engine Tour 12+1 Rounds 9 Starts 1600ST"]
[Site "Infinity Chess"]
[Date "2018.4.27"]
[Round "2"]
[White "Marsell"]
[Black "Victorious"]
[Result "0-1"]
[ECO "C53"]
[WhiteElo "2479"]
[BlackElo "2501"]
[WhiteEngine "BrainFish_180418_x64_bmi2"]
[BlackEngine "asmFishW_2018-04-24_popcnt"]
[EventType "Swiss"]
[WhiteTeam ""]
[BlackTeam ""]
[PlyCount "236"]
[TimeControl "720+1"]

1. e4 e5 2. Nf3 Nc6 3. Bc4 Bc5 4. c3 Nf6 5. d3 a5 6. O-O d6 7. Bg5 Ba7 
8. Nbd2 h6 9. Bh4 O-O 10. Re1 g5 11. Nxg5 hxg5 12. Bxg5 Kg7 13. Qf3 Rh8 
14. d4 Kg6 15. h4 Rh7 16. Qg3 Nh5 17. Bxd8+ Nxg3 18. Bxc7 f6 19. Bxd6 Rd7 
20. Bxe5 fxe5 21. Nf3 exd4 22. fxg3 dxc3+ 23. Kh2 cxb2 24. Rab1 Rd4 
25. Nxd4 Bxd4 26. Red1 Rb8 27. Rd2 Kf6 28. Rdxb2 Bxb2 29. Rxb2 Ne5 30. Rb6+ Ke7 
31. Bb3 Ng4+ 32. Kh3 Nf2+ 33. Kh2 Bd7 34. g4 Nxe4 35. Bc2 Nd6 36. Bd1 Nc4 
37. Rb1 Ne3 38. Bf3 Nxg4+ 39. Kg3 b5 40. a3 Ne5 41. Be2 b4 42. axb4 Rxb4 
43. Ra1 a4 44. Bd1 Rc4 45. h5 Rc3+ 46. Kf4 Kf6 47. g4 Nxg4 48. Bxg4 Rc4+ 
49. Ke3 Rxg4 50. Kd3 Rh4 51. Kc3 Rxh5 52. Rd1 Bc8 53. Rd4 Rh3+ 54. Rd3 Rh7 
55. Kb2 Rh2+ 56. Ka3 Rh4 57. Rd8 Bf5 58. Rf8+ Ke5 59. Rb8 Bc2 60. Rd8 Kf6 
61. Rd2 Bb3 62. Rd7 Bc2 63. Rc7 Bg6 64. Rc6+ Kf7 65. Rb6 Bc2 66. Kb2 Bd1 
67. Rd6 Rh2+ 68. Kc3 Rh3+ 69. Kb4 Bc2 70. Ra6 Rh4+ 71. Kc5 Kg7 72. Kd5 Bb3+ 
73. Ke5 Rh5+ 74. Kd4 Bd1 75. Kc3 Rh3+ 76. Kb4 Rh2 77. Rd6 Bb3 78. Rd3 Rh5 
79. Rf3 Rh2 80. Rf1 Bc2 81. Rf3 Kg6 82. Kb5 Bb3 83. Re3 Kf5 84. Kb4 Rh4+ 
85. Kc5 Kg5 86. Rf3 Rc4+ 87. Kb5 Rg4 88. Rh3 Re4 89. Rf3 Kg4 90. Rc3 Kf5 
91. Rf3+ Ke5 92. Rg3 Kf4 93. Rc3 Rd4 94. Rh3 Ke4 95. Kc5 Rd3 96. Rh4+ Ke5 
97. Kb4 Bd1 98. Rh8 Rb3+ 99. Kc5 a3 100. Re8+ Kf6 101. Rf8+ Kg7 102. Rd8 Bh5 
103. Ra8 Bf7 104. Ra4 Rg3 105. Kb4 a2 106. Ra6 Rg1 107. Ra5 a1=Q 108. Rxa1 Rxa1 
109. Kc3 Kf6 110. Kd4 Rd1+ 111. Kc3 Ke5 112. Kb4 Rd3 113. Kc5 Bd5 114. Kb4 Kd6 
115. Kb5 Rb3+ 116. Ka5 Kc6 117. Ka4 Kc5 118. Ka5 Ra3# 0-1

[Event "Friday 27 April Rapid Engine Tour 12+1 Rounds 9 Starts 1600ST"]
[Site "Infinity Chess"]
[Date "2018.4.27"]
[Round "2"]
[White "xeonrocks"]
[Black "Pirate"]
[Result "1/2-1/2"]
[ECO "B32"]
[WhiteElo "2540"]
[BlackElo "2547"]
[WhiteEngine "Stockfish_x64_bmi2_CTG"]
[BlackEngine "BrainFish_180423_x64_bmi2_CTG"]
[EventType "Swiss"]
[WhiteTeam ""]
[BlackTeam ""]
[PlyCount "133"]
[TimeControl "720+1"]

1. e4 c5 2. Nf3 Nc6 3. d4 cxd4 4. Nxd4 e5 5. Nf3 Nf6 6. Bd3 Bc5 7. Nc3 h6 
8. Nd5 d6 9. O-O Nxd5 10. exd5 Ne7 11. c4 O-O 12. Nd2 f5 13. a4 a5 14. Nb3 Bb6 
15. Be3 Bxe3 16. fxe3 b6 17. Bc2 Qc7 18. Qd3 Bd7 19. Nd2 Ng6 20. Qc3 e4 
21. Bd1 Ne5 22. Be2 Qd8 23. Qd4 Rb8 24. Nb1 Qc7 25. b3 g6 26. Nc3 h5 
27. Rab1 Qc5 28. h4 Rf7 29. g3 Qb4 30. Na2 Qa3 31. Nc3 Qb4 32. Na2 Qa3 
33. Nc3 Rg7 34. Kg2 Qc5 35. Rbc1 Qb4 36. Rb1 g5 37. hxg5 Rxg5 38. Rh1 Be8 
39. Na2 Qc5 40. Nc3 Qb4 41. Rh3 Rb7 42. Na2 Qc5 43. Nc3 Qb4 44. Na2 Qc5 
45. Nc3 Qa3 46. Nb5 Bxb5 47. cxb5 Ng4 48. Bxg4 fxg4 49. Rhh1 Qc5 50. Qxc5 dxc5 
51. d6 Rd7 52. Rbd1 Re5 53. Rhf1 Kg7 54. Rf4 Re6 55. Kf1 Rdxd6 56. Rxd6 Rxd6 
57. Rxe4 Kf7 58. Ke2 Kf6 59. Rf4+ Ke5 60. Rf8 Rf6 61. Rb8 Ke4 62. Rh8 Rf3 
63. Re8+ Kf5 64. Rf8+ Ke4 65. Re8+ Kf5 66. Rf8+ Ke4 67. Re8+ 1/2-1/2

[Event "Friday 27 April Rapid Engine Tour 12+1 Rounds 9 Starts 1600ST"]
[Site "Infinity Chess"]
[Date "2018.4.27"]
[Round "1"]
[White "KQRBNP"]
[Black "HerzsjeMZ"]
[Result "1/2-1/2"]
[ECO "C50"]
[WhiteElo "2317"]
[BlackElo "2448"]
[WhiteEngine "Eman 1.70-beta27 64-bit POPCNT"]
[BlackEngine "BrainFish_180423_x64_modern"]
[EventType "Swiss"]
[WhiteTeam ""]
[BlackTeam ""]
[PlyCount "120"]
[TimeControl "720+1"]

1. e4 e5 2. Nf3 Nc6 3. Bc4 Bc5 4. d3 Nf6 5. c3 d6 6. h3 a5 7. Bb3 O-O 8. O-O h6 
9. Re1 Ba7 10. Nbd2 Be6 11. Ba4 Rb8 12. Bb5 Ne7 13. d4 Ng6 14. Bd3 Nh5 
15. Nf1 Nhf4 16. Ng3 Nxd3 17. Qxd3 b5 18. Be3 c5 19. Qd2 Bb6 20. a4 bxa4 
21. Rxa4 Rb7 22. Ra3 cxd4 23. cxd4 exd4 24. Nxd4 Ne5 25. Rc1 d5 26. Qe2 Nc4 
27. Nc6 Qd7 28. exd5 Qxd5 29. Bxb6 Qxc6 30. Bd4 Rd8 31. Nf5 Bxf5 32. Rxc4 Qd5 
33. Rg3 Bg6 34. Bc3 Qb5 35. Qg4 Kh7 36. Re3 f6 37. Rf4 h5 38. Qe2 Qxe2 
39. Rxe2 Rd1+ 40. Kh2 Ra1 41. Re6 Ra7 42. Rd6 a4 43. Bd4 Rc7 44. Rh4 Rac1 
45. g4 Be8 46. gxh5 Bc6 47. Rg4 Bf3 48. Rh4 Bb7 49. Be3 Rh1+ 50. Kg3 Rg1+ 
51. Kf4 Re7 52. Rd4 Re5 53. Rg4 Rb1 54. Rd7 Re4+ 55. Kg3 Rxg4+ 56. hxg4 Rg1+ 
57. Kh2 Rh1+ 58. Kg3 Rg1+ 59. Kh2 Rh1+ 60. Kg3 Rg1+ 1/2-1/2